 Dungeon Crawl Stone Soup version 0.31-a0-152-g6aa68a64a1 (webtiles) character file.

Game seed: 14181541507715520095

7065 zazu2006 the Trooper (level 11, 0/86 HPs)
             Began as a Gnoll Wanderer on June 10, 2023.
             Slain by an orc warrior
             ... wielding a +0 dire flail
              (12 damage)
             ... on level 8 of the Dungeon on June 11, 2023.
             The game lasted 00:35:57 (10808 turns).

zazu2006 the Trooper (Gnoll Wanderer)              Turns: 10808, Time: 00:35:57

Health: 0/86       AC:  8    Str: 12    XL:     11   Next: 9%
Magic:  16/21      EV: 15    Int: 11    God:
Gold:   427        SH:  6    Dex: 16    Spells: 19/23 levels left

rFire   . . .        j - +4 spear
rCold   . . .        D - +0 buckler
rNeg    + . .        C - +1 steam dragon scales
rPois   +            (no helmet)
rElec   .            t - +0 cloak
rCorr   .            (no gloves)
SInv    +            (no boots)
Will    .....        (no amulet)
Stlth   ++++         y - ring of Obsession {rPois rN+}
HPRegen 0.34/turn    v - ring of see invisible
MPRegen 0.17/turn

%: no passive effects
@: no status effects
A: fangs 1, strong nose, distributed training
a: no special abilities


You were on level 8 of the Dungeon.
You visited 2 branches of the dungeon, and saw 10 of its levels.
You also visited: Ossuary.

You collected 427 gold pieces.

Inventory:

Hand Weapons
 a - a +1 quarterstaff
 j - a +4 spear (weapon)
 p - a +2 dagger of venom
 E - a +0 scimitar of flaming
Missiles
 F - a throwing net
 G - 3 javelins
Armour
 t - a +0 cloak (worn)
 C - +1 steam dragon scales (worn)
 D - a +0 buckler (worn)
Jewellery
 h - a ring of poison resistance
 k - a ring of wizardry
 v - a ring of see invisible (right hand)
 y - the ring of Obsession (left hand) {rPois rN+}
   (You found it on level 8 of the Dungeon)

   [ring of positive energy]

   rPois:     It protects you from poison.
   rN:        It protects you from negative energy.
Wands
 A - a wand of flame (27)
 B - a wand of paralysis (6)
Scrolls
 c - 2 scrolls of magic mapping {unknown}
 f - 2 scrolls of enchant armour
 i - 2 scrolls of blinking
 m - a scroll of butterflies
 o - 9 scrolls of teleportation
 r - a scroll of enchant weapon
 u - a scroll of fear
 x - a scroll of vulnerability
Potions
 d - 2 potions of ambrosia {unknown}
 e - a potion of brilliance {unknown}
 g - 4 potions of curing
 l - 5 potions of haste
 n - 3 potions of enlightenment
 q - a potion of heal wounds
 s - a potion of invisibility {unknown}
 w - a potion of lignification {unknown}
 z - a potion of resistance


   Skills:
 + Level 7.8 Fighting
 + Level 6.2 Short Blades
 + Level 6.2 Long Blades
 + Level 6.2 Axes
 + Level 6.2 Maces & Flails
 + Level 6.2 Polearms
 + Level 6.7 Staves
 + Level 6.2 Ranged Weapons
 + Level 6.2 Throwing
 + Level 6.2 Armour
 + Level 6.7 Dodging
 + Level 7.5 Stealth
 + Level 6.2 Shields
 + Level 6.2 Unarmed Combat
 + Level 6.8 Spellcasting
 + Level 5.1 Conjurations
 + Level 5.1 Hexes
 + Level 5.1 Summonings
 + Level 5.1 Necromancy
 + Level 5.1 Translocations
 + Level 5.1 Transmutations
 + Level 6.4 Fire Magic
 + Level 5.1 Ice Magic
 + Level 5.1 Air Magic
 + Level 5.1 Earth Magic
 + Level 5.1 Poison Magic
 + Level 7.3 Invocations
 + Level 6.2 Evocations


You had 19 spell levels left.
You knew the following spells:

 Your Spells              Type           Power      Damage    Failure   Level
a - Foxfire               Conj/Fire      64%        2x1d7     2%          1
b - Dazzling Flash        Conj/Hex       30%        N/A       9%          3

Your spell library contained the following spells:

 Spells                   Type           Power      Damage    Failure   Level
 Inner Flame              Hex/Fire       16%        N/A       6%          3
 Gell's Gravitas          Tloc           15%        N/A       9%          3
 Teleport Other           Tloc           15%        N/A       9%          3
 Sticky Flame             Conj/Fire      16%        2d4       22%         4
 Agony                    Necr           15%        N/A       61%         5
 Silence                  Hex/Air        7%         N/A       61%         5
 Dispersal                Tloc           7%         N/A       99%         6


Dungeon Overview and Level Annotations

Branches:
Dungeon (9/15)             Temple (1/1) D:7         Ossuary (visited)
   Lair: D:8-11         Orc: D:9-12

Altars:
Ashenzari
Cheibriados
Dithmenos
Elyvilon
Fedhas
Gozag
Kikubaaqudgha
Makhleb
Nemelex Xobeh
Okawaru
Qazlal
Sif Muna
Trog
Uskayaw
Wu Jian
Xom
Yredelemnul
Zin
The Shining One

Shops:
D:1 :


Innate Abilities, Weirdness & Mutations

You have very sharp teeth.
Your uncanny sense of smell can sniff out nearby items.
Your experience applies equally to all skills.


Message History

You catch the helpless orc warrior completely off-guard!
You hit the orc warrior.
You bite the orc warrior, but do no damage.
The orc warrior is severely wounded.
The orc warrior misses you.
You strike the helpless orc warrior from behind!
You hit the orc warrior. Your bite misses the orc warrior.
The orc warrior is severely wounded.
You closely miss the orc warrior.
The orc warrior is severely wounded.
The orc warrior misses you.
Items here: ))))))))) [[[[[ รทรทรทรท.
You closely miss the orc warrior.
The orc warrior is severely wounded.
The orc warrior misses you.
You strike the helpless orc warrior from behind!
You puncture the orc warrior!
The orc warrior is almost dead.
The orc warrior is no longer blind.
The orc warrior hits you but does no damage.
You hit the orc warrior.
The orc warrior is almost dead.
The orc warrior closely misses you.
You barely miss the orc warrior.
The orc warrior is almost dead.
You hit the orc warrior but do no damage.
The orc warrior is almost dead.
The orc warrior hits you with a +0 dire flail!
* * * LOW HITPOINT WARNING * * *
You hit the orc warrior but do no damage.
The orc warrior is almost dead.
The orc warrior completely misses you.
You hit the orc warrior but do no damage.
Your bite misses the orc warrior.
The orc warrior is almost dead.
You block the orc warrior's attack.
You hit the orc warrior but do no damage.
The orc warrior is almost dead.
The orc warrior hits you with a +0 dire flail!
You die...

....# #.#.# #.#.# ..#.#
.##.# .##.# ....#
######## .#### #>)....#
.# #@####.# .#
#######o####.# .#
###..))..[...#.# ##
#......##.##.#.#
#.#.##.##......#
########)#.##.#####.###
#..........##.# #.####
#.######.####.# #....#
.....###.####.# ####.#


You could see an orc warrior.

Vanquished Creatures
  Erica (D:8)
  A boulder beetle (D:7)
  A two-headed ogre (D:7)
  A gargoyle (D:7)
  A troll (D:7)
  A wyvern (D:8)
  4 yaks (D:8)
  2 steam dragons
  2 water moccasins
  4 orc warriors
  3 black bears
  An ogre (D:5)
  A phantom (D:5)
  3 bullfrogs (D:7)
  13 scorpions
  4 wights (D:7)
  5 killer bees (D:8)
  A howler monkey (D:7)
  A human zombie (Ossuary)
  A hound (D:4)
  3 jellies
  A centaur zombie (Ossuary)
  5 gnoll boudas
  2 orc priests
  6 iguanas
  9 scorpion zombies (Ossuary)
  Natasha (thrice) (D:2)
  5 orc wizards
  3 mummies (Ossuary)
  26 gnolls
  5 adders
  A shadow imp (D:7)
  An ufetubus (D:4)
  A worm (D:4)
  2 dart slugs
  26 orcs
  7 ball pythons
  4 endoplasms
  2 giant cockroaches
  7 goblins
  4 hobgoblins
  A jackal (D:2)
  2 quokkas (D:2)
  3 bats
  3 frilled lizards (D:2)
  2 gnoll zombies (Ossuary)
  2 goblin zombies (Ossuary)
  2 hobgoblin zombies (Ossuary)
  A jackal zombie (D:7)
  5 kobolds
  3 kobold zombies (Ossuary)
  An orc zombie (Ossuary)
  5 rats
204 creatures vanquished.

Vanquished Creatures (others)
  478 foxfires
478 creatures vanquished.

Grand Total: 682 creatures vanquished

Notes
Turn   | Place    | Note
-------+----------+-------------------------------------------
     0 | D:1      | zazu2006 the Gnoll Wanderer began the quest for the Orb.
     0 | D:1      | zazu2006 set off with the following items: a +1
                  | quarterstaff, a potion of might, a +0 robe; and the
                  | following spell memorised: Foxfire; and the following
                  | spells available to memorise: Inner Flame, Sticky Flame.
     0 | D:1      | Reached XP level 1. HP: 20/20 MP: 4/4
   220 | D:1      | Found a transporter.
   236 | D:1      | Found Foam's Book Emporium.
   265 | D:1      | Found a transporter.
   374 | D:1      | Reached XP level 2. HP: 26/26 MP: 3/5
  1075 | D:2      | Noticed Natasha
  1085 | D:2      | Killed Natasha
  1086 | D:2      | Reached XP level 3. HP: 15/31 MP: 2/7
  1188 | D:2      | Noticed Natasha
  1201 | D:2      | Reached skill level 1 in Short Blades
  1201 | D:2      | Reached skill level 1 in Long Blades
  1201 | D:2      | Reached skill level 1 in Axes
  1201 | D:2      | Reached skill level 1 in Maces & Flails
  1201 | D:2      | Reached skill level 1 in Polearms
  1201 | D:2      | Reached skill level 1 in Ranged Weapons
  1201 | D:2      | Reached skill level 1 in Throwing
  1201 | D:2      | Reached skill level 1 in Armour
  1201 | D:2      | Reached skill level 1 in Shields
  1201 | D:2      | Reached skill level 1 in Unarmed Combat
  1201 | D:2      | Reached skill level 1 in Evocations
  1209 | D:2      | Killed Natasha
  1210 | D:2      | Reached XP level 4. HP: 10/38 MP: 3/8
  1503 | D:2      | Reached skill level 1 in Conjurations
  1503 | D:2      | Reached skill level 1 in Hexes
  1503 | D:2      | Reached skill level 1 in Summonings
  1503 | D:2      | Reached skill level 1 in Necromancy
  1503 | D:2      | Reached skill level 1 in Translocations
  1503 | D:2      | Reached skill level 1 in Transmutations
  1503 | D:2      | Reached skill level 1 in Ice Magic
  1503 | D:2      | Reached skill level 1 in Air Magic
  1503 | D:2      | Reached skill level 1 in Earth Magic
  1503 | D:2      | Reached skill level 1 in Poison Magic
  1783 | D:2      | Noticed Natasha
  1794 | D:2      | Killed Natasha
  1850 | D:3      | Noticed a water moccasin
  1860 | D:3      | Killed a water moccasin
  1861 | D:3      | Reached XP level 5. HP: 41/43 MP: 4/9
  1910 | D:3      | Found a faded altar of an unknown god.
  2013 | D:3      | Found an iron altar of Okawaru.
  2056 | D:3      | Reached XP level 6. HP: 50/50 MP: 9/11
  2446 | D:3      | Found a white marble altar of Elyvilon.
  2516 | D:3      | Found a glowing silver altar of Zin.
  2952 | D:4      | Reached skill level 5 in Fighting
  3041 | D:4      | Noticed a black bear
  3065 | D:4      | Killed a black bear
  3668 | D:4      | Reached XP level 7. HP: 53/56 MP: 9/12
  3808 | D:4      | Found a shimmering blue altar of Sif Muna.
  3887 | D:4      | Found an opulent altar of Gozag.
  4069 | D:5      | Entered Level 5 of the Dungeon
  4443 | D:5      | Reached skill level 5 in Stealth
  5039 | D:5      | Found a basalt altar of Yredelemnul.
  5233 | D:5      | Reached XP level 8. HP: 37/63 MP: 10/14
  6265 | D:7      | Noticed a troll
  6265 | D:7      | Noticed a gargoyle
  6277 | D:7      | Noticed a boulder beetle
  6296 | D:7      | Killed a troll
  6297 | D:7      | Reached skill level 5 in Fire Magic
  6297 | D:7      | Reached skill level 5 in Invocations
  6309 | D:7      | Reached XP level 9. HP: 30/69 MP: 11/16
  6348 | D:7      | Reached skill level 5 in Spellcasting
  6477 | D:7      | Killed a boulder beetle
  6478 | D:7      | Reached skill level 5 in Staves
  6478 | D:7      | Reached skill level 5 in Dodging
  6523 | D:7      | Found a staircase to the Ecumenical Temple.
  6651 | D:7      | Found a sand-covered staircase.
  6678 | Ossuary  | Entered an ossuary
  6869 | Ossuary  | Learned a level 3 spell: Dazzling Flash
  7316 | Ossuary  | Reached skill level 5 in Short Blades
  7316 | Ossuary  | Reached skill level 5 in Long Blades
  7316 | Ossuary  | Reached skill level 5 in Axes
  7316 | Ossuary  | Reached skill level 5 in Maces & Flails
  7316 | Ossuary  | Reached skill level 5 in Polearms
  7316 | Ossuary  | Reached skill level 5 in Ranged Weapons
  7316 | Ossuary  | Reached skill level 5 in Throwing
  7316 | Ossuary  | Reached skill level 5 in Armour
  7316 | Ossuary  | Reached skill level 5 in Shields
  7316 | Ossuary  | Reached skill level 5 in Unarmed Combat
  7316 | Ossuary  | Reached skill level 5 in Evocations
  7316 | Ossuary  | Reached XP level 10. HP: 75/77 MP: 18/18
  7715 | D:7      | Killed a gargoyle
  7862 | D:7      | Noticed a two-headed ogre
  7884 | D:7      | Killed a two-headed ogre
  8190 | Temple   | Entered the Ecumenical Temple
  8624 | D:8      | Identified the ring of Obsession {rPois rN+}
  8914 | D:8      | Noticed Erica
  9039 | D:8      | Killed Erica
  9327 | D:8      | Found a bloodstained altar of Trog.
  9331 | D:8      | Found a stormy altar of Qazlal.
 10165 | D:8      | Reached skill level 5 in Conjurations
 10165 | D:8      | Reached skill level 5 in Hexes
 10165 | D:8      | Reached skill level 5 in Summonings
 10165 | D:8      | Reached skill level 5 in Necromancy
 10165 | D:8      | Reached skill level 5 in Translocations
 10165 | D:8      | Reached skill level 5 in Transmutations
 10165 | D:8      | Reached skill level 5 in Ice Magic
 10165 | D:8      | Reached skill level 5 in Air Magic
 10165 | D:8      | Reached skill level 5 in Earth Magic
 10165 | D:8      | Reached skill level 5 in Poison Magic
 10233 | D:8      | Reached XP level 11. HP: 57/85 MP: 21/21
 10808 | D:8      | Slain by an orc warrior

Illustrated notes

Levels and vault maps discovered:
D:1:      tarquinn_simple_flora_water_f, layout_loops_cross, serial_shops,
          nicolae_shop_drivethru
D:2:      layout_rooms, minmay_misc_feat_rugged,
          corexii_item_surrounded_by_moat, minmay_door_square, minmay_3d_cube,
          uniq_natasha
D:3:      layout_basic, chequers_temple_overflow_statue_of_worship,
          hellmonk_ecumenical_altar_arch_garden, corexii_leaking_fountain,
          minmay_misc_feat_roman, dreamdust_mushroom_princess
D:4:      layout_loops_ring, mainiacjoe_overflow_two_lobes
D:5:      layout_loops_cross, mainiacjoe_overflow_chevrons
D:6:      layout_loops_ring, uniq_prince_ribbit1
D:7:      layout_loops_ring, minmay_temple_entry_gardened_gates,
          enter_ossuary_3, kennysheep_nub, kb_rosetta
D:8:      layout_loops_cross, grunt_temple_overflow_open, uniq_erica
D:9:      layout_cave_pools, nicolae_hepliaklqana_ecumenical_no_more,
          hiddenorc2_lemuel, dreamdust_gnoll_shepherd
Temple:   minmay_freezing_vapour_temple

Skill      XL: |  1  2  3  4  5  6  7  8  9 10 |
---------------+-------------------------------+-----
Short Blades   | 1 2 3 5 6 |  6.2
Long Blades    | 1 2 3 5 6 |  6.2
Axes           | 1 2 3 5 6 |  6.2
Maces & Flails | 1 2 3 5 6 |  6.2
Polearms       | 1 2 3 5 6 |  6.2
Ranged Weapons | 1 2 3 5 6 |  6.2
Throwing       | 1 2 3 5 6 |  6.2
Armour         | 1 2 3 5 6 |  6.2
Shields        | 1 2 3 5 6 |  6.2
Unarmed Combat | 1 2 3 5 6 |  6.2
Evocations     | 1 2 3 5 6 |  6.2
Spellcasting   | 3 4 5 6 |  6.8
Conjurations   | 1 2 3 4 5 |  5.1
Hexes          | 1 2 3 4 5 |  5.1
Summonings     | 1 2 3 4 5 |  5.1
Necromancy     | 1 2 3 4 5 |  5.1
Translocations | 1 2 3 4 5 |  5.1
Transmutations | 1 2 3 4 5 |  5.1
Ice Magic      | 1 2 3 4 5 |  5.1
Air Magic      | 1 2 3 4 5 |  5.1
Earth Magic    | 1 2 3 4 5 |  5.1
Poison Magic   | 1 2 3 4 5 |  5.1
Invocations    | 3 4 5 6 7 |  7.3
Staves         | 3 4 5 6 |  6.7
Dodging        | 3 4 5 6 |  6.7
Fire Magic     | 4 5 6 |  6.4
Fighting       | 5 6 7 |  7.8
Stealth        | 5 6 7 |  7.5

Action                     |  1- 3 |  4- 6 |  7- 9 | 10-12 || total
---------------------------+-------+-------+-------+-------++-------
  Melee: Quarterstaff      |     4 |       |       |       ||     4
         Spear             |    12 |    24 |   376 |   409 ||   821
         Bite              |     1 |     1 |    51 |    71 ||   124
         Punch             |       |       |     4 |       ||     4
   Cast: Foxfire           |    33 |    80 |   116 |    65 ||   294
         Dazzling Flash    |       |       |       |     4 ||     4
    Use: Scroll            |       |       |    11 |     1 ||    12
         Potion            |       |       |     4 |     8 ||    12
   Stab: Sleeping          |       |       |     4 |     3 ||     7
         Invisible         |       |       |       |     4 ||     4
 Armour: Robe              |     3 |     5 |    10 |       ||    18
         Steam dragon scal |       |       |    48 |    93 ||   141
  Dodge: Dodged            |     8 |    33 |   234 |   241 ||   516
  Block: Buckler           |       |       |    53 |   119 ||   172

Table legend: (Time is in decaauts)
 A = Elapsed time spent in this place.
 B = Non-inter-level travel time spent in this place.
 C = Inter-level travel time spent in this place.
 D = Time resting spent in this place.
 E = Time spent auto-exploring this place.
 F = Levels seen in this place.
 G = Mean time per level.
                   A        B        C        D        E       F      G
               +--------+--------+--------+--------+--------+-----+--------+
         Total |  10749 |  10543 |    206 |   1164 |   6659 |  11 |  977.2 |
       Dungeon |   9759 |   9553 |    206 |    931 |   6402 |   9 | 1084.3 |
        Temple |      7 |      7 |      0 |      0 |      0 |   1 |    7.0 |
       Ossuary |    982 |    982 |      0 |    233 |    257 |   1 |  982.0 |
               +--------+--------+--------+--------+--------+-----+--------+

Top non-repeatable levels by time:
     D:8: 2061 daAuts
     D:4: 1784 daAuts
     D:7: 1361 daAuts
     D:5: 1155 daAuts
     D:2: 1007 daAuts
 Ossuary: 982 daAuts
     D:3: 889 daAuts
     D:1: 831 daAuts
     D:6: 557 daAuts
     D:9: 111 daAuts
  Temple: 7 daAuts
